 Dungeon Crawl Stone Soup version 0.29.1 (webtiles) character file.

Game seed: 7000558468616145425

4 EvilAshe the Caller (level 1, -1/10 HPs)
             Began as a Deep Elf Summoner on Sept 14, 2022.
             Frozen to death by an endoplasm (5 damage)
             ... on level 1 of the Dungeon.
             The game lasted 00:01:26 (259 turns).

EvilAshe the Caller (Deep Elf Summoner)              Turns: 259, Time: 00:01:26

Health: -1/10      AC:  5    Str:  5    XL:     1   Next: 58%
Magic:  3/6        EV: 12    Int: 19    God:
Gold:   12         SH:  0    Dex: 15    Spells: 5/6 levels left

rFire   . . .      SeeInvis .   d - +0 dagger
rCold   . . .      Faith    .   (no shield)
rNeg    . . .      Spirit   .   a - +0 robe
rPois   .          Reflect  .   (no helmet)
rElec   .          Harm     .   (no cloak)
rCorr   .          Rampage  .   c - +2 pair of gloves
Will    .....                   (no boots)
Stlth   ++........              (no amulet)
HPRegen 0.03/turn               (no ring)
MPRegen 0.10/turn               (no ring)

@: no status effects
A: no striking features
a: no special abilities


You were on level 1 of the Dungeon.
You visited 1 branch of the dungeon, and saw 1 of its levels.

You collected 12 gold pieces.

Inventory:

Hand Weapons
 d - a +0 dagger (weapon)
Missiles
 g - 4 stones
Armour
 a - a +0 robe (worn)
 c - a +2 pair of gloves (worn)
Scrolls
 e - 2 scrolls of teleportation {unknown}
 h - a scroll of blinking {unknown}
Potions
 b - a potion of magic
 f - a potion of curing {unknown}


   Skills:
 + Level 2.5 Dodging
 + Level 2.6 Stealth
 + Level 3.1 Spellcasting
 + Level 4.4 Summonings


You had 5 spell levels left.
You knew the following spells:

 Your Spells              Type           Power      Damage    Failure   Level
a - Summon Small Mammal   Summ           76%        N/A       2%          1

Your spell library contained the following spells:

 Spells                   Type           Power      Damage    Failure   Level
 Call Imp                 Summ           19%        N/A       3%          2
 Call Canine Familiar     Summ           19%        N/A       7%          3
 Summon Guardian Golem    Hex/Summ       11%        N/A       19%         3
 Summon Lightning Spire   Summ/Air       11%        N/A       52%         4


Dungeon Overview and Level Annotations

Branches:
Dungeon (1/15)

Altars:


Message History

The endoplasm quivers.
The endoplasm hits your quokka but does no damage.
Your bat hits the endoplasm but does no damage.
Your bat hits the endoplasm.
Your quokka barely misses the hobgoblin.
There is an open door here.
Your bat hits the endoplasm but does no damage.
Your quokka bites the hobgoblin. x2
You close the door.
Something unseen opens the door.
Your quokka bites the endoplasm.
There is an open door here.
The hobgoblin barely misses your quokka.
Something hits your quokka.
Casting: Summon Small Mammal (safe; 2% risk of failure)
Confirm with . or Enter, or press ? or * to list all spells.
Your quokka disappears in a puff of smoke!
The endoplasm hits your rat.
Your rat dies!
Your rat's corpse disappears in a puff of smoke!
Casting: Summon Small Mammal (safe; 2% risk of failure)
Confirm with . or Enter, or press ? or * to list all spells.
Casting: Summon Small Mammal (safe; 2% risk of failure)
Confirm with . or Enter, or press ? or * to list all spells.
Your quokka disappears in a puff of smoke!
The endoplasm freezes you.
You are frozen.
The endoplasm freezes you.
You are frozen.
Your quokka bites the hobgoblin.
The hobgoblin dies!
The endoplasm hits you but does no damage.
Your quokka bites the endoplasm.
The endoplasm barely misses your quokka.
Your quokka barely misses the endoplasm.
Casting: Summon Small Mammal (safe; 2% risk of failure)
Confirm with . or Enter, or press ? or * to list all spells.
Your quokka disappears in a puff of smoke!
The endoplasm freezes you.
You are frozen.
Ouch! That really hurt!
You die...

#### ### #.. ..# #.# #.#
############.# #.#
#............# #.#############
#.....>.....r####.#...........#
#...^......ยง.J@...............+
#..........J#####.#...........#
#...........# #.#...........#
###...........# #.#####.#######
..............# #.# #.#
..............#####.# #.#
..................#.# #.#
......##'#####....#.# #.######
......##.# #..)...+ #......#


You could see 2 endoplasms and a friendly rat (summoned).

Vanquished Creatures
  A bat (D:1)
1 creature vanquished.

Vanquished Creatures (collateral kills)
  A ball python (D:1)
  A goblin (D:1)
  A hobgoblin (D:1)
3 creatures vanquished.

Grand Total: 4 creatures vanquished

Notes
Turn   | Place    | Note
-------+----------+-------------------------------------------
     0 | D:1      | EvilAshe the Deep Elf Summoner began the quest for the Orb.
     0 | D:1      | Reached XP level 1. HP: 10/10 MP: 6/6
   259 | D:1      | Frozen to death by an endoplasm

Illustrated notes

Levels and vault maps discovered:
D:1:      co_arrival_random_square_maze, layout_basic, grunt_decor_mini_mirrors

Action                   || total
-------------------------++-------
Melee: Dagger            ||     6
 Cast: Summon Small Mamm ||     9
Armor: Robe              ||    10
Dodge: Dodged            ||    17
